 Dungeon Crawl Stone Soup version 0.30-a0-377-g5cb311bc9f (webtiles) character file.

Game seed: 12788951347138852079

2955 qeuew the Digger (level 9, 0/45 HPs)
             Began as a Gargoyle Earth Elementalist on Nov 30, 2022.
             Was an Initiate of Elyvilon.
             Slain by an orc knight
             ... wielding a +0 war axe
              (12 damage)
             ... in a bailey.
             The game lasted 00:13:03 (8284 turns).

qeuew the Digger (Gargoyle Earth Elementalist)      Turns: 8284, Time: 00:13:04

Health: 0/45       AC: 12    Str: 14    XL:     9   Next: 81%
Magic:  1/16       EV: 12    Int: 21    God:    Elyvilon [......]
Gold:   300        SH:  0    Dex: 13    Spells: 14/18 levels left

rFire   + . .      SeeInvis .    g - +8 flail "Earthworm" {elec, Int+3 Dex+3}
rCold   . . .      Faith    .    (no shield)
rNeg    + . .      Spirit   .    h - +0 leather armour
rPois   ∞          Reflect  .    (no helmet)
rElec   +          Harm     .    (no cloak)
rCorr   .          Rampage  .    d - +1 pair of gloves
Will    +....                    (no boots)
Stlth   ++........               (no amulet)
HPRegen 0.27/turn                e - ring of protection from fire
MPRegen 0.15/turn                k - ring of willpower

@: very slightly contaminated
A: sickness immunity, AC +6, negative energy resistance 1, electricity
resistance, torment resistance 1, petrification resistance
a: Renounce Religion


You were in a bailey.
You worshipped Elyvilon.
Elyvilon was noncommittal.
You visited 2 branches of the dungeon, and saw 8 of its levels.
You also visited: Bailey.

You collected 300 gold pieces.

Inventory:

Hand Weapons
 g - the +8 flail "Earthworm" (weapon) {elec, Int+3 Dex+3}
   (You found it on level 6 of the Dungeon)

   It occasionally discharges a powerful burst of electricity upon striking a
   foe.
   Int:       It affects your intelligence (+3).
   Dex:       It affects your dexterity (+3).
Armour
 d - a +1 pair of gloves (worn)
 h - a +0 leather armour (worn)
Jewellery
 e - a ring of protection from fire (left hand)
 k - a ring of willpower (right hand)
Wands
 l - a wand of roots (12)
 o - a wand of flame (3)
Scrolls
 a - a scroll of magic mapping
 i - a scroll of amnesia
 j - 2 scrolls of enchant weapon
 m - 2 scrolls of blinking
 n - 2 scrolls of teleportation
 q - a scroll of brand weapon
Potions
 b - 2 potions of flight
 f - a potion of ambrosia
 p - a potion of curing


   Skills:
 * Level 4.5 Maces & Flails
 * Level 5.4 Armour
 + Level 3.7 Dodging
 - Level 2.1 Stealth
 * Level 5.2 Spellcasting
 * Level 5.3 Conjurations
 + Level 3.4 Transmutations
 * Level 7.3 Earth Magic
 + Level 2.2 Evocations


You had 14 spell levels left.
You knew the following spells:

 Your Spells              Type           Power      Damage    Failure   Level
a - Sandblast             Erth           72%        2d16      1%          1
b - Stone Arrow           Conj/Erth      64%        3d11      2%          3

Your spell library contained the following spells:

 Spells                   Type           Power      Damage    Failure   Level
 Passwall                 Tmut/Erth      23%        N/A       2%          2
 Petrify                  Tmut/Erth      28%        N/A       14%         4
 Mephitic Cloud           Conj/Pois/Air  12%        N/A       19%         3
 Poisonous Vapours        Pois/Air       10%        N/A       21%         2
 Ignite Poison            Fire/Tmut/Pois 10%        N/A       24%         3
 Kindle Blastsparks       Fire/Tloc/Air  10%        2d10      36%         3
 Freezing Cloud           Conj/Ice/Air   6%         6-21      86%         5
 Cigotuvi's Dreadful Rot  Necr/Pois/Air  Unusable   N/A       N/A         2

Dungeon Overview and Level Annotations

Branches:
Dungeon (7/15)             Temple (1/1) D:6          Bailey (1/1)

Altars:
Elyvilon
Fedhas
Gozag
Kikubaaqudgha
Makhleb
Nemelex Xobeh
Okawaru
Qazlal
Ru
Sif Muna
Trog
Uskayaw
Vehumet
Yredelemnul
Zin
The Shining One


Innate Abilities, Weirdness & Mutations

You are immune to sickness and miasma.
Your stone body is resilient. (AC +6)
You are immune to poison.
You resist negative energy. (rN+)
You are resistant to electric shocks. (rElec)
You are resistant to unholy torment.
You are immune to petrification.


Message History

You kill the orc warrior!
Things that are here:
a +0 broad axe; a +0 scale mail; an orc corpse A kobold is nearby!
The kobold shouts!
You hear a shout!
The kobold throws a boomerang.
The boomerang misses you. The kobold hits you but does no damage.
You barely miss the kobold. The kobold misses you.
The kobold closely misses you.
You barely miss the kobold. The kobold hits you but does no damage.
The kobold barely misses you. The kobold hits you.
You sock the kobold!
You kill the kobold!
The kobold hits you but does no damage.
You thump the kobold! Lightning courses through the kobold!
You kill the kobold!
No target in view!
An orc knight is nearby!
The orc knight shouts!
The stone arrow hits the orc knight!!
The orc knight is moderately wounded.
The stone arrow hits the orc knight!!
The orc knight is severely wounded.
The stone arrow hits the orc knight!!
The orc knight is almost dead.
You miscast Stone Arrow.
You are very lightly contaminated with residual magic.
Nothing appears to happen.
The orc knight barely misses you.
You hit the orc knight but do no damage.
The orc knight is almost dead.
The orc knight hits you with a +0 war axe!
You miss the orc knight.
The orc knight is almost dead.
The orc knight closely misses you.
The orc knight hits you with a +0 war axe!!
* * * LOW HITPOINT WARNING * * *
You sock the orc knight! Your punch misses the orc knight.
The orc knight is almost dead.
The orc knight hits you with a +0 war axe!
You die...

########## ........####
.(g.......## #.........##
#.)..⌠..... #(......# . ##
####..# #o(...### . ...
^...###@)....#### .
####'####o.#.)...~≈≈≈≈≈≈
###.ooooK.####..≈)≈≈≈≈≈≈≈#
≈∩#K.oooKK#∩≈≈≈≈≈≈~....##
≈≈#########≈≈≈≈≈......##
≈≈≈≈≈≈≈≈≈≈≈≈≈≈.(.....##
#~≈≈≈≈≈≈≈~...)....###
##....(........####
##..∩.).(..####


You could see an orc knight and a goblin.

Vanquished Creatures
  Grinder (D:3)
  Sigmund (D:3)
  A steam dragon (D:7)
  A water moccasin (D:6)
  7 orc warriors (Bailey)
  A centaur (D:6)
  2 ogres
  A phantom (D:5)
  Blork the orc (D:5)
  2 kobold brigands (D:4)
  2 bullfrogs (D:6)
  A wyvern zombie (D:6)
  6 wights
  2 jellies
  A hound (D:5)
  An orc priest (D:5)
  3 orc wizards
  2 iguanas (D:5)
  A howler monkey zombie (D:6)
  11 gnolls
  14 adders
  A worm (D:5)
  5 dart slugs
  21 orcs
  7 ball pythons
  7 bats
  10 endoplasms
  5 giant cockroaches
  17 goblins
  6 hobgoblins
  6 jackals (D:1)
  46 kobolds
  6 quokkas
  4 frilled lizards
  7 rats
210 creatures vanquished.

Notes
Turn   | Place    | Note
-------+----------+-------------------------------------------
     0 | D:1      | qeuew the Gargoyle Earth Elementalist began the quest for
                  | the Orb.
     0 | D:1      | Reached XP level 1. HP: 10/10 MP: 3/3
   118 | D:1      | Reached skill level 1 in Transmutations
   118 | D:1      | Reached XP level 2. HP: 15/15 MP: 3/5
   400 | D:1      | Reached skill level 1 in Armour
   402 | D:1      | Reached XP level 3. HP: 19/19 MP: 2/6
   450 | D:1      | Reached skill level 4 in Earth Magic
  1212 | D:2      | Learned a level 3 spell: Stone Arrow
  1436 | D:2      | Reached XP level 4. HP: 24/24 MP: 2/7
  2317 | D:3      | Reached skill level 1 in Conjurations
  2317 | D:3      | Reached XP level 5. HP: 28/28 MP: 6/9
  2532 | D:3      | Found a faded altar of an unknown god.
  2555 | D:3      | Noticed Grinder
  2564 | D:3      | Paralysed by Grinder for 4 turns
  2570 | D:3      | Killed Grinder
  2571 | D:3      | Reached skill level 1 in Maces & Flails
  2571 | D:3      | Reached XP level 6. HP: 14/32 MP: 4/10
  2648 | D:3      | Noticed Sigmund
  2660 | D:3      | Killed Sigmund
  2661 | D:3      | Reached skill level 5 in Earth Magic
  2661 | D:3      | Reached XP level 7. HP: 28/36 MP: 0/11
  2817 | D:3      | Found a stormy altar of Qazlal.
  4279 | D:4      | HP: 1/54 [gnoll/+0 spear (2)]
  4662 | D:4      | Reached XP level 8. HP: 41/41 MP: 0/13
  4988 | D:5      | Entered Level 5 of the Dungeon
  4988 | D:5      | Noticed Blork the orc
  4991 | D:5      | Killed Blork the orc
  5188 | D:5      | Reached skill level 1 in Evocations
  5389 | D:5      | Reached skill level 6 in Earth Magic
  6342 | D:6      | Found a basalt altar of Yredelemnul.
  6913 | D:6      | Reached XP level 9. HP: 45/45 MP: 8/15
  6971 | D:6      | Found a staircase to the Ecumenical Temple.
  6972 | D:6      | Identified the +8 flail "Earthworm" {elec, Int+3 Dex+3}
  7006 | Temple   | Entered the Ecumenical Temple
  7134 | Temple   | Became a worshipper of Elyvilon the Healer
  7682 | D:7      | Found a flagged portal.
  7702 | D:7      | Reached skill level 5 in Armour
  7709 | Bailey   | Entered a bailey
  7802 | Bailey   | Noticed an orc knight
  7827 | Bailey   | Reached skill level 7 in Earth Magic
  7840 | Bailey   | Reached skill level 5 in Spellcasting
  7845 | Bailey   | Reached skill level 5 in Conjurations
  8284 | Bailey   | Slain by an orc knight

Illustrated notes

Levels and vault maps discovered:
D:1:      nicolae_arrival_somewhat_less_tricky_arrival, layout_basic
D:2:      layout_loops_ring
D:3:      minmay_spotlight, layout_rooms, marbit_many_paths,
          hellmonk_ecumenical_altar_crossroads, minmay_misc_feat_iff,
          uniq_sigmund, uniq_grinder
D:4:      minmay_goblin_kobold_castle, layout_basic
D:5:      layout_cave_pods, uniq_blork_the_orc
D:6:      layout_loops_cross, lemuel_zombie_altar_yredelemnul,
          minmay_temple_entry_arrows, grunt_decor_arrowhead
D:7:      layout_basic, mainiacjoe_overflow_24_doors, enter_bailey_4,
          minivault_14
Temple:   zaba_magenta_temple
Bailey:   bailey_axe_4, bailey

Skill      XL: |  1  2  3  4  5  6  7  8  9 |
---------------+----------------------------+-----
Transmutations | 1 2 3 |  3.4
Armour         | 1 2 3 4 5 |  5.4
Earth Magic    | 4 5 6 7 |  7.3
Dodging        | 2 3 |  3.7
Conjurations   | 1 2 3 4 5 |  5.3
Maces & Flails | 1 2 3 4 |  4.5
Spellcasting   | 3 4 5 |  5.2
Evocations     | 1 2 |  2.2
Stealth        | |  2.1

Action                   |  1- 3 |  4- 6 |  7- 9 || total
-------------------------+-------+-------+-------++-------
Melee: Unarmed           |    14 |       |       ||    14
       Mace              |       |     9 |    94 ||   103
       Punch             |       |       |     1 ||     1
       Flail             |       |       |    48 ||    48
 Cast: Sandblast         |    47 |    52 |   169 ||   268
       Stone Arrow       |       |     2 |    54 ||    56
  Use: Potion            |     2 |     2 |     6 ||    10
       Scroll            |     1 |     3 |    12 ||    16
Armor: Robe              |     9 |       |       ||     9
       Leather armour    |     1 |     7 |   178 ||   186
Dodge: Dodged            |    17 |    12 |   211 ||   240

Table legend: (Time is in decaauts)
 A = Elapsed time spent in this place.
 B = Non-inter-level travel time spent in this place.
 C = Inter-level travel time spent in this place.
 D = Time resting spent in this place.
 E = Time spent auto-exploring this place.
 F = Levels seen in this place.
 G = Mean time per level.
                   A        B        C        D        E       F      G
               +--------+--------+--------+--------+--------+-----+--------+
         Total |   8454 |   8160 |    294 |    110 |   6795 |   9 |  939.3 |
       Dungeon |   7599 |   7342 |    257 |      0 |   6269 |   7 | 1085.6 |
        Temple |    273 |    236 |     37 |    110 |    101 |   1 |  273.0 |
        Bailey |    581 |    581 |      0 |      0 |    425 |   1 |  581.0 |
               +--------+--------+--------+--------+--------+-----+--------+

Top non-repeatable levels by time:
     D:4: 2088 daAuts
     D:6: 1305 daAuts
     D:1: 1225 daAuts
     D:5: 1133 daAuts
     D:3: 895 daAuts
     D:2: 893 daAuts
  Bailey: 581 daAuts
  Temple: 273 daAuts
     D:7: 57 daAuts
